TOP OF THE 1ST |
Cape Coral Reefers batting - Pitching for Kennesaw Jets : LHP Wesley van Klaveren
|
Pitching: LHP Wesley van Klaveren
|
|
Batting: LHB Pedro Guerrero
|
0-0: Ball 1-0: Ground out 6-3 (Groundball, 6, EV 91.2 MPH)
|
Batting: RHB Sadiya Seth
|
0-0: Called Strike 0-1: Called Strike 0-2: Ground out 5-3 (Groundball, 5L, EV 83.1 MPH)
|
Batting: RHB Jeff Bowers
|
0-0: Ball 1-0: Called Strike 1-1: Ball 2-1: DOUBLE (Line Drive, 89M, EV 93.1 MPH)
|
Batting: RHB Axel Ruschmeyer
|
0-0: Foul Ball, location: 2F 0-1: Ball 1-1: Swinging Strike 1-2: Strikes out swinging
|
Top of the 1st over - 0 runs, 1 hit, 0 errors, 1 left on base; Cape Coral 0 - Kennesaw 0 |
BOTTOM OF THE 1ST |
Kennesaw Jets batting - Pitching for Cape Coral Reefers : RHP José Peña
|
Pitching: RHP José Peña
|
|
Batting: RHB Sasha Orlovsky
|
0-0: Ball 1-0: Ball 2-0: Ball 3-0: Called Strike 3-1: Base on Balls
|
Batting: RHB Scipione Borghese
|
0-0: Called Strike Sasha Orlovsky steals 2nd, throwing error, E2 Sasha Orlovsky to third 0-1: Ball 1-1: Called Strike 1-2: Ball 2-2: Foul Ball, location: 2F 2-2: Foul Ball, location: 2F 2-2: Foul Ball, location: 2F 2-2: SINGLE (Line Drive, 89S, EV 106.2 MPH) Sasha Orlovsky scores
|
Batting: RHB Brent Leroy
|
0-0: Ball Scipione Borghese steals 2nd base 1-0: Swinging Strike 1-1: Ball 2-1: Fly out, F9 (Line Drive, 9, EV 90.0 MPH)
|
Batting: LHB Masamune Ueda
|
0-0: Ball 1-0: Ball 2-0: Ball 3-0: Called Strike 3-1: Called Strike 3-2: Foul Ball, location: 2F 3-2: Fly out, F8 (Flyball, 8RD, EV 83.8 MPH)
|
Batting: RHB Troy Clark
|
0-0: Fly out, F9 (Flyball, 9D, EV 96.9 MPH)
|
Bottom of the 1st over - 1 run, 1 hit, 1 error, 1 left on base; Cape Coral 0 - Kennesaw 1 |
TOP OF THE 2ND |
Cape Coral Reefers batting - Pitching for Kennesaw Jets : LHP Wesley van Klaveren
|
Batting: LHB Bob Giles
|
0-0: Foul Ball, location: 2F 0-1: Ball 1-1: Swinging Strike 1-2: Ball 2-2: Ball 3-2: Base on Balls
|
Batting: LHB Fernando Negrete
|
0-0: Called Strike 0-1: SINGLE (Groundball, 6MD, EV 94.4 MPH) Bob Giles to second
|
Batting: RHB Jim Robbins
|
0-0: Ball 1-0: Ball 2-0: Foul Ball, location: 2F 2-1: Ball 3-1: Called Strike 3-2: Base on Balls Bob Giles to third Fernando Negrete to second
|
Batting: LHB Pat Carter
|
0-0: Called Strike 0-1: Ball 1-1: Ball 2-1: Called Strike 2-2: Ball 3-2: Strikes out looking
|
Batting: RHB Dave Hill
|
0-0: Called Strike 0-1: Called Strike 0-2: Fly out, F8 (Flyball, 8RS, EV 86.2 MPH)
|
Batting: LHB Pedro Guerrero
|
0-0: Ball 1-0: Called Strike 1-1: Ball 2-1: Foul Ball, location: 2F 2-2: SINGLE (Line Drive, 7LM, EV 101.9 MPH) Bob Giles scores Fernando Negrete to third Jim Robbins to second Runner from 3rd tries for Home, SAFE, no throw by LF
|
Batting: RHB Sadiya Seth
|
0-0: Fly out, F9 (Flyball, 89S, EV 85.0 MPH)
|
Top of the 2nd over - 2 runs, 2 hits, 0 errors, 2 left on base; Cape Coral 2 - Kennesaw 1 |
BOTTOM OF THE 2ND |
Kennesaw Jets batting - Pitching for Cape Coral Reefers : RHP José Peña
|
Batting: LHB Robert Dawson
|
0-0: Foul Ball, location: 2F 0-1: Ball 1-1: Ball 2-1: Foul Ball, location: 2F 2-2: Strikes out swinging
|
Batting: LHB Reynaldo Pérez
|
0-0: Ball 1-0: Ball 2-0: Ground out 6-3 (Groundball, 6M, EV 102.5 MPH)
|
Batting: LHB Matt Mullen
|
0-0: Ball 1-0: Ball 2-0: Ground out 4-3 (Groundball, 4, EV 102.5 MPH)
|
Bottom of the 2nd over - 0 runs, 0 hits, 0 errors, 0 left on base; Cape Coral 2 - Kennesaw 1 |
TOP OF THE 3RD |
Cape Coral Reefers batting - Pitching for Kennesaw Jets : LHP Wesley van Klaveren
|
Batting: RHB Jeff Bowers
|
0-0: Ball 1-0: Ball 2-0: Ball 3-0: Called Strike 3-1: Called Strike 3-2: Foul Ball, location: 2F 3-2: Ground out 5-3 (Groundball, 56S, EV 89.4 MPH)
|
Batting: RHB Axel Ruschmeyer
|
0-0: Swinging Strike 0-1: Called Strike 0-2: Strikes out swinging
|
Batting: LHB Bob Giles
|
0-0: Foul Ball, location: 2F 0-1: Foul Ball, location: 2F 0-2: Ball 1-2: Strikes out swinging
|
Top of the 3rd over - 0 runs, 0 hits, 0 errors, 0 left on base; Cape Coral 2 - Kennesaw 1 |
BOTTOM OF THE 3RD |
Kennesaw Jets batting - Pitching for Cape Coral Reefers : RHP José Peña
|
Batting: RHB Cees Spaan
|
0-0: Ball 1-0: Ground out 5-3 (Groundball, 56S, EV 72.5 MPH)
|
Batting: RHB Sasha Orlovsky
|
0-0: Ball 1-0: Ball 2-0: Called Strike 2-1: Fly out, F7 (Flyball, 7S, EV 85.0 MPH)
|
Batting: RHB Scipione Borghese
|
0-0: Swinging Strike 0-1: Ball 1-1: Ball 2-1: Ball 3-1: Swinging Strike 3-2: Strikes out swinging
|
Bottom of the 3rd over - 0 runs, 0 hits, 0 errors, 0 left on base; Cape Coral 2 - Kennesaw 1 |
TOP OF THE 4TH |
Cape Coral Reefers batting - Pitching for Kennesaw Jets : LHP Wesley van Klaveren
|
Batting: LHB Fernando Negrete
|
0-0: Called Strike 0-1: Ball 1-1: Swinging Strike 1-2: Ball 2-2: Ball 3-2: Foul Ball, location: 2F 3-2: Foul Ball, location: 2F 3-2: Base on Balls
|
Batting: RHB Jim Robbins
|
0-0: Ball 1-0: Ground out U3 (Groundball, 34, EV 95.6 MPH) Fernando Negrete to second
|
Batting: LHB Pat Carter
|
0-0: Ball 1-0: Fly out, F8 (Flyball, 89D, EV 101.2 MPH) Runner from 2nd tags up, SAFE at 3rd, no throw by CF
|
Batting: RHB Dave Hill
|
0-0: Ball 1-0: Fly out, F9 (Flyball, 9LS, EV 91.2 MPH)
|
Top of the 4th over - 0 runs, 0 hits, 0 errors, 1 left on base; Cape Coral 2 - Kennesaw 1 |
BOTTOM OF THE 4TH |
Kennesaw Jets batting - Pitching for Cape Coral Reefers : RHP José Peña
|
Batting: RHB Brent Leroy
|
0-0: Ball 1-0: Ball 2-0: SINGLE (Flyball, 8RS, EV 91.9 MPH)
|
Batting: LHB Masamune Ueda
|
0-0: Ball 1-0: Fly out, F7 (Flyball, 7, EV 88.1 MPH)
|
Batting: RHB Troy Clark
|
0-0: Ball 1-0: Foul Ball, location: 2F 1-1: Ball 2-1: SINGLE (Groundball, 4MD, EV 98.8 MPH) Brent Leroy to second
|
Batting: LHB Robert Dawson
|
0-0: Ball 1-0: Ball 2-0: SINGLE (Line Drive, 56D, EV 105.6 MPH) Brent Leroy to third Troy Clark to second Runner from 3rd tries for Home, SAFE, throw by LF to home
|
Batting: LHB Reynaldo Pérez
|
0-0: Foul Ball, location: 2F 0-1: Ball 1-1: DOUBLE (Line Drive, 7LM, EV 96.9 MPH) Troy Clark scores Robert Dawson to third
|
Pitching: RHP Hyeon-uk Sa
|
|
Batting: LHB Matt Mullen
|
0-0: Ball 1-0: Called Strike 1-1: SINGLE (Groundball, 34D, EV 102.5 MPH) Robert Dawson scores Reynaldo Pérez to third
|
Batting: RHB Cees Spaan
|
0-0: Foul Ball, location: 2F 0-1: Foul Ball, location: 2F 0-2: Fly out, F6 (Popup, P, EV 74.4 MPH)
|
Batting: RHB Sasha Orlovsky
|
0-0: Ball 1-0: Called Strike 1-1: SINGLE (Line Drive, 78S, EV 109.4 MPH) Reynaldo Pérez scores Matt Mullen to second
|
Batting: RHB Scipione Borghese
|
0-0: Ball 1-0: Called Strike 1-1: Ball 2-1: Ball 3-1: Swinging Strike 3-2: Foul Ball, location: 2F 3-2: Foul Ball, location: 2F 3-2: Strikes out looking
|
Bottom of the 4th over - 4 runs, 6 hits, 0 errors, 2 left on base; Cape Coral 2 - Kennesaw 5 |
TOP OF THE 5TH |
Cape Coral Reefers batting - Pitching for Kennesaw Jets : LHP Wesley van Klaveren
|
Batting: LHB Pedro Guerrero
|
0-0: Called Strike 0-1: Ball 1-1: Ball 2-1: Foul Ball, location: 2F 2-2: Strikes out swinging
|
Batting: RHB Sadiya Seth
|
0-0: Ball 1-0: Ground out 6-3 (Groundball, 6M, EV 84.4 MPH)
|
Batting: RHB Jeff Bowers
|
0-0: SINGLE (Flyball, 78M, EV 98.1 MPH)
|
Batting: RHB Axel Ruschmeyer
|
0-0: Called Strike 0-1: Ball 1-1: Ball 2-1: Fly out, F9 (Flyball, 9LSF, EV 69.4 MPH)
|
Top of the 5th over - 0 runs, 1 hit, 0 errors, 1 left on base; Cape Coral 2 - Kennesaw 5 |
BOTTOM OF THE 5TH |
Kennesaw Jets batting - Pitching for Cape Coral Reefers : RHP Hyeon-uk Sa
|
Batting: RHB Brent Leroy
|
0-0: Ball 1-0: Foul Ball, location: 2F 1-1: Ball 2-1: Swinging Strike 2-2: Ball 3-2: Strikes out swinging
|
Batting: LHB Masamune Ueda
|
0-0: Ball 1-0: SINGLE (Line Drive, 4MD, EV 101.9 MPH)
|
Batting: RHB Troy Clark
|
0-0: Ball 1-0: Swinging Strike 1-1: Ball 2-1: Foul Ball, location: 2F 2-2: Strikes out swinging
|
Batting: LHB Robert Dawson
|
0-0: Ball 1-0: SINGLE (Groundball, 34, EV 102.5 MPH) (infield hit) Masamune Ueda to second
|
Batting: LHB Reynaldo Pérez
|
0-0: Called Strike 0-1: Ground out U3 (Groundball, 3, EV 109.4 MPH)
|
Bottom of the 5th over - 0 runs, 2 hits, 0 errors, 2 left on base; Cape Coral 2 - Kennesaw 5 |
TOP OF THE 6TH |
Cape Coral Reefers batting - Pitching for Kennesaw Jets : LHP Wesley van Klaveren
|
Batting: LHB Bob Giles
|
0-0: Called Strike 0-1: Ball 1-1: Ball 2-1: Called Strike 2-2: Ball 3-2: Foul Ball, location: 2F 3-2: Base on Balls
|
Batting: LHB Fernando Negrete
|
0-0: Ball 1-0: Ball 2-0: Called Strike 2-1: Sac Bunt to 2L - play at first, batter safe! Bob Giles to second
|
Batting: RHB Jim Robbins
|
0-0: Ball 1-0: Ball 2-0: Fielders Choice at 2nd, 2-4 (Groundball, 2L, EV 71.2 MPH) Bob Giles to third
|
Batting: LHB Pat Carter
|
0-0: Foul Ball, location: 2F 0-1: Called Strike 0-2: Ball 1-2: Foul Ball, location: 2F 1-2: Ball 2-2: Fielders Choice at 2nd, 5-4 (Groundball, 56S, EV 81.2 MPH) Bob Giles scores
|
Batting: RHB Dave Hill
|
0-0: Ground out 5-3 (Groundball, 56S, EV 72.5 MPH)
|
Top of the 6th over - 1 run, 1 hit, 0 errors, 1 left on base; Cape Coral 3 - Kennesaw 5 |
BOTTOM OF THE 6TH |
Kennesaw Jets batting - Pitching for Cape Coral Reefers : RHP Hyeon-uk Sa
|
Batting: LHB Matt Mullen
|
0-0: Ground out U3 (Groundball, 34, EV 96.9 MPH)
|
Batting: RHB Cees Spaan
|
0-0: Ball 1-0: Swinging Strike 1-1: Called Strike 1-2: Foul Ball, location: 2F 1-2: Strikes out swinging
|
Batting: RHB Sasha Orlovsky
|
0-0: Called Strike 0-1: Ball 1-1: Foul Ball, location: 2F 1-2: Strikes out swinging
|
Bottom of the 6th over - 0 runs, 0 hits, 0 errors, 0 left on base; Cape Coral 3 - Kennesaw 5 |
TOP OF THE 7TH |
Cape Coral Reefers batting - Pitching for Kennesaw Jets : LHP Wesley van Klaveren
|
Batting: LHB Pedro Guerrero
|
0-0: Foul Ball, location: 2F 0-1: Foul Ball, location: 2F 0-2: Ball 1-2: Ball 2-2: Ball 3-2: Ground out 3-1 (Groundball, 34, EV 93.8 MPH)
|
Pitching: RHP Kunimatsu Taue
|
|
Batting: RHB Sadiya Seth
|
0-0: Ball 1-0: Foul Ball, location: 2F 1-1: Foul Ball, location: 2F 1-2: Foul Ball, location: 2F 1-2: Foul Ball, location: 2F 1-2: Strikes out looking
|
Batting: RHB Jeff Bowers
|
0-0: Swinging Strike 0-1: Fly out, F9 (Line Drive, 9, EV 92.5 MPH)
|
Top of the 7th over - 0 runs, 0 hits, 0 errors, 0 left on base; Cape Coral 3 - Kennesaw 5 |
BOTTOM OF THE 7TH |
Kennesaw Jets batting - Pitching for Cape Coral Reefers : RHP Hyeon-uk Sa
|
Batting: RHB Scipione Borghese
|
0-0: Ball 1-0: Called Strike 1-1: Ball 2-1: Foul Ball, location: 2F 2-2: Strikes out swinging
|
Batting: RHB Brent Leroy
|
0-0: Called Strike 0-1: SINGLE (Groundball, 6D, EV 107.5 MPH)
|
Pitching: RHP Tom Lewis
|
|
Batting: LHB Masamune Ueda
|
0-0: Ball Brent Leroy steals 2nd base 1-0: Ball 2-0: Swinging Strike 2-1: Called Strike 2-2: Fly out, F4 (Popup, 3DF, EV 56.9 MPH)
|
Batting: RHB Troy Clark
|
0-0: Ball 1-0: Ball 2-0: Ball 3-0: Called Strike 3-1: Fly out, F8 (Flyball, 8LS, EV 91.2 MPH)
|
Bottom of the 7th over - 0 runs, 1 hit, 0 errors, 1 left on base; Cape Coral 3 - Kennesaw 5 |
TOP OF THE 8TH |
Cape Coral Reefers batting - Pitching for Kennesaw Jets : RHP Kunimatsu Taue
|
Batting: RHB Axel Ruschmeyer
|
0-0: Called Strike 0-1: Ball 1-1: Swinging Strike 1-2: Ball 2-2: Fly out, F8 (Flyball, 89D, EV 104.4 MPH)
|
Batting: LHB Bob Giles
|
0-0: Called Strike 0-1: Ball 1-1: Called Strike 1-2: Foul Ball, location: 2F 1-2: Ball 2-2: Fly out, F7 (Flyball, 78XD, EV 104.4 MPH)
|
Batting: LHB Fernando Negrete
|
0-0: Ball 1-0: Ball 2-0: Ball 3-0: Base on Balls
|
Batting: RHB Jim Robbins
|
0-0: Called Strike 0-1: Foul Ball, location: 2F 0-2: Ball 1-2: Strikes out looking
|
Top of the 8th over - 0 runs, 0 hits, 0 errors, 1 left on base; Cape Coral 3 - Kennesaw 5 |
BOTTOM OF THE 8TH |
Kennesaw Jets batting - Pitching for Cape Coral Reefers : RHP Tom Lewis
|
Batting: LHB Robert Dawson
|
0-0: Swinging Strike 0-1: Swinging Strike 0-2: Ball 1-2: Ground out 6-3 (Groundball, 6, EV 95.6 MPH)
|
Batting: LHB Reynaldo Pérez
|
0-0: Called Strike 0-1: Called Strike 0-2: Foul Ball, location: 2F 0-2: Foul Ball, location: 2F 0-2: Fly out, F6 (Flyball, 5D, EV 85.6 MPH)
|
Batting: LHB Matt Mullen
|
0-0: Ball 1-0: Ball 2-0: Ball 3-0: Called Strike 3-1: SINGLE (Groundball, 6D, EV 102.5 MPH)
|
Batting: RHB Cees Spaan
|
0-0: Ball 1-0: Ground out 5-3 (Groundball, 56, EV 101.2 MPH)
|
Bottom of the 8th over - 0 runs, 1 hit, 0 errors, 1 left on base; Cape Coral 3 - Kennesaw 5 |
TOP OF THE 9TH |
Cape Coral Reefers batting - Pitching for Kennesaw Jets : RHP Kunimatsu Taue
|
Pitching: LHP Jeffery Clayton
|
|
Batting: LHB Pat Carter
|
0-0: Swinging Strike 0-1: Called Strike 0-2: Foul Ball, location: 2F 0-2: Ball 1-2: Ball 2-2: Ground out 4-3 (Groundball, 34D, EV 106.2 MPH)
|
Batting: RHB Dave Hill
|
0-0: Swinging Strike 0-1: Ball 1-1: Ball 2-1: Foul Ball, location: 2F 2-2: Foul Ball, location: 2F 2-2: Strikes out swinging
|
Batting: LHB Pedro Guerrero
|
0-0: Ball 1-0: Ball 2-0: Called Strike 2-1: Swinging Strike 2-2: Foul Ball, location: 2F 2-2: Ball 3-2: Fly out, F5 (Popup, 5DF, EV 69.4 MPH)
|
Top of the 9th over - 0 runs, 0 hits, 0 errors, 0 left on base; Cape Coral 3 - Kennesaw 5 |
|